 Dungeon Crawl Stone Soup version 0.19.1 (console) character file.

5548 Kloppie the Impaler (level 10, -22/124 HPs)
             Began as a Merfolk Berserker on Dec 1, 2016.
             Was a High Priest of Trog.
             Annihilated by Kloppie's ghost (26 damage)
             ... on level 9 of the Dungeon.
             The game lasted 00:13:27 (7748 turns).

Kloppie the Impaler (Merfolk Berserker)             Turns: 7748, Time: 00:13:27

Health: -22/124    AC: 13    Str: 23    XL:     10   Next: 71%
Magic:  6/6        EV: 14    Int:  6    God:    Trog [*****.]
Gold:   320        SH:  0    Dex: 17    Spells: 0 memorised, 9 levels left

rFire  . . .     SeeInvis .     b - +4 halberd (antimagic)
rCold  . . .     Gourm    .     e - +0 ring mail
rNeg   . . .     Faith    .     (shield currently unavailable)
rPois  .         Spirit   .     C - +1 helmet
rElec  .         Reflect  .     o - +1 cloak
rCorr  .         Harm     .     j - +3 pair of gauntlets of War {Slay+5}
MR     ++...                    (no boots)
Stlth  ..........               (no amulet)
                                (no ring)
                                x - ring of magical power

@: berserking, regenerating, very quick
A: change form in water, swift swim, stealthy swim
a: Berserk, Trog's Hand, Brothers in Arms, Burn Spellbooks, Renounce Religion


You were on level 9 of the Dungeon.
You worshipped Trog.
Trog was extremely pleased with you.
You were very hungry.

You visited 1 branch of the dungeon, and saw 9 of its levels.
You also visited: Sewer and Ossuary.

You collected 320 gold pieces.

Inventory:

Hand Weapons
 a - a +1 trident
 b - a +4 antimagic halberd (weapon)
Armour
 e - a +0 ring mail (worn)
 j - the +3 pair of gauntlets of War (worn) {Slay+5}
   (You found it on level 7 of the Dungeon)

   It affects your accuracy and damage with ranged weapons and melee attacks
   (+5).
 o - a +1 cloak (worn)
 C - a +1 helmet (worn)
Jewellery
 x - a ring of magical power (left hand)
Wands
 n - a wand of flame (27/48)
 s - a wand of slowing (33/48)
 y - a wand of confusion (33/48)
 z - a wand of teleportation (3/9)
 B - a wand of random effects (26/48)
 E - a wand of iceblast (9/15)
Scrolls
 f - a scroll of enchant weapon
 g - 3 scrolls of recharging
 h - 3 scrolls of remove curse
 l - 2 scrolls of enchant armour
 r - a scroll of teleportation
Potions
 i - 7 potions of curing
 p - 5 potions of flight {unknown}
 q - 2 potions of brilliance
 u - a potion of heal wounds
 v - 3 potions of cancellation
 w - 2 potions of cure mutation
 A - 2 potions of resistance
 D - 2 potions of agility
Comestibles
 c - 11 bread rations
 d - 16 chunks of flesh
 k - 7 beef jerkies
 m - 4 fruits
 t - 3 meat rations


   Skills:
 - Level 9.6 Fighting
 * Level 17.3 Polearms
 - Level 1.3 Armour
 + Level 5.4 Dodging


You had 9 spell levels left.
You didn't know any spells.

Dungeon Overview and Level Annotations

Branches:
Dungeon (9/15)             Temple (0/1) D:4
   Lair: D:8-11         Orc: D:9-12

Altars:
Ashenzari
Cheibriados
Dithmenos
Fedhas
Kikubaaqudgha
Nemelex Xobeh
Okawaru
Ru
Sif Muna
Uskayaw
Xom
Yredelemnul
The Shining One

Shops:
D:7 *

Annotations:
D:9 Erolcha; Kloppie's ghost, journeyman MfBe


Message History

The crystal spear hits you!
You puncture Kloppie's ghost!
Kloppie's ghost is lightly damaged.
Kloppie's ghost closely misses you.
Erolcha points at you and mumbles some strange words.
The crystal spear hits you!
* * * LOW HITPOINT WARNING * * *
You are too injured to fight recklessly!
You are too injured to fight recklessly!
You are too injured to fight recklessly!
Erolcha screams, "DIE!"
You closely miss Erolcha. You slash Erolcha!
Erolcha's magic leaks into the air.
Erolcha is lightly wounded.
Erolcha hits you with a giant club!
* * * LOW HITPOINT WARNING * * *
You impale Erolcha!!
Erolcha's magic leaks into the air.
Erolcha is severely wounded.
Kloppie's ghost hits you!!
You die...

......#.####.......#
<.....#....'.......#
........####.......#
...........######'##
#'####............#
#._8_..##### #
#......#
#.....##########
####..?@O.......
#.......W.......
#.##............ #
#...[........
#............
#............
#############


You could see Erolcha and Kloppie's ghost.

Vanquished Creatures
  Joseph (D:8)
  The ghost of Rrauwl the Cudgeler, an amateur DrFi of Qazlal (Sewer)
  Prince Ribbit (D:5)
  A wraith (Ossuary)
  A vampire (D:9)
  Menkaure (D:5)
  Duvessa (D:6)
  5 orc warriors
  4 ice beasts
  2 sky beasts (D:7)
  A black bear (D:7)
  2 phantoms (D:7)
  5 ogres
  A necrophage (D:7)
  3 centaurs
  2 big kobolds
  6 bullfrogs
  A wyvern zombie (D:6)
  Dowan (D:6)
  2 water moccasin skeletons
  2 scorpions
  A howler monkey (D:5)
  2 vampire bats (D:4)
  3 crimson imps
  A bullfrog zombie (D:9)
  2 centaur zombies
  4 hounds
  4 orc priests
  10 orc wizards
  A bullfrog skeleton (D:5)
  An iguana (D:8)
  3 worker ants
  A killer bee zombie (D:5)
  3 hound zombies
  2 hound skeletons
  A mummy (Ossuary)
  Robin (D:4)
  3 gnolls (D:5)
  A howler monkey skeleton (D:4)
  10 adders
  2 river rats (D:3)
  A shadow imp (D:6)
  An ooze (D:2)
  3 worms (D:2)
  2 dart slugs (D:2)
  A leopard gecko (D:8)
  41 orcs
  4 bat skeletons (D:4)
  A bat zombie (D:4)
  5 giant cockroaches
  13 goblins
  7 hobgoblins
  11 jackals
  14 kobolds
  3 quokkas
  2 ball pythons
  6 bats
  5 frilled lizards
  7 gnoll skeletons (Ossuary)
  4 kobold skeletons (Ossuary)
  14 orc skeletons (Ossuary)
  14 rats
259 creatures vanquished.

Vanquished Creatures (others)
  An orc priest (D:8)
1 creature vanquished.

Grand Total: 260 creatures vanquished

Notes
Turn   | Place    | Note
-------+----------+-------------------------------------------
     0 | D:1      | Kloppie the Merfolk Berserker began the quest for the Orb.
     0 | D:1      | Reached XP level 1. HP: 18/18 MP: 1/1
   409 | D:1      | Reached XP level 2. HP: 24/24 MP: 2/2
   554 | D:2      | Reached skill level 5 in Polearms
   565 | D:2      | Found an iron altar of Okawaru.
   586 | D:2      | Reached XP level 3. HP: 16/30 MP: 3/3
  1032 | D:2      | Reached skill level 6 in Polearms
  1032 | D:2      | Reached XP level 4. HP: 36/37 MP: 4/4
  1085 | D:2      | Reached ** piety under Trog
  1439 | D:3      | Found a glowing drain.
  1443 | Sewer    | Entered a sewer
  1479 | Sewer    | Noticed Rrauwl's ghost (amateur DrFi)
  1482 | Sewer    | Noticed a big kobold
  1491 | Sewer    | Killed Rrauwl's ghost
  1491 | Sewer    | Reached skill level 5 in Fighting
  1491 | Sewer    | Reached skill level 8 in Polearms
  1491 | Sewer    | Reached XP level 5. HP: 33/44 MP: 5/5
  1491 | Sewer    | Reached XP level 6. HP: 38/51 MP: 6/6
  1792 | Sewer    | Found a white marble altar of Elyvilon.
  1893 | D:3      | Reached skill level 9 in Polearms
  2161 | D:4      | Reached XP level 7. HP: 56/57 MP: 7/7
  2449 | D:4      | Found a staircase to the Ecumenical Temple.
  2454 | D:4      | Noticed Robin
  2457 | D:4      | Reached *** piety under Trog
  2526 | D:4      | Killed Robin
  2526 | D:4      | Reached skill level 10 in Polearms
  2767 | D:4      | Found an ancient bone altar of Kikubaaqudgha.
  2928 | D:4      | Found a snail-covered altar of Cheibriados.
  2974 | D:5      | Entered Level 5 of the Dungeon
  3142 | D:5      | Noticed Menkaure
  3164 | D:5      | Killed Menkaure
  3164 | D:5      | Reached skill level 11 in Polearms
  3164 | D:5      | Reached XP level 8. HP: 64/65 MP: 8/8
  3603 | D:5      | Found a hide-covered altar of Uskayaw.
  3678 | D:5      | Found a sacrificial altar of Ru.
  3825 | D:6      | Found a deep blue altar of Sif Muna.
  3825 | D:6      | Noticed Prince Ribbit
  3832 | D:5      | Reached **** piety under Trog
  3842 | D:5      | Reached skill level 12 in Polearms
  3906 | D:5      | Killed Prince Ribbit
  4147 | D:6      | Reached skill level 13 in Polearms
  4147 | D:6      | Reached XP level 9. HP: 55/74 MP: 9/9
  4543 | D:6      | Found a sparkling altar of Nemelex Xobeh.
  4543 | D:6      | Found a faded altar of an unknown god.
  4548 | D:6      | Found a faded altar of an unknown god.
  4550 | D:6      | Found a shattered altar of Ashenzari.
  4552 | D:6      | Found a faded altar of an unknown god.
  4791 | D:6      | Reached skill level 14 in Polearms
  4896 | D:6      | Noticed Duvessa
  4897 | D:6      | Noticed Dowan
  4904 | D:6      | Killed Duvessa
  4907 | D:6      | Killed Dowan
  5399 | D:7      | Reached ***** piety under Trog
  5701 | D:7      | Reached skill level 15 in Polearms
  5772 | D:7      | Found Bezi's General Store.
  5799 | D:7      | Found a basalt altar of Yredelemnul.
  5823 | D:7      | Reached XP level 10. HP: 42/83 MP: 10/10
  6359 | D:7      | Reached skill level 16 in Polearms
  6682 | D:8      | Found a shadowy altar of Dithmenos.
  6766 | D:8      | Found a sand-covered staircase.
  6771 | Ossuary  | Entered an ossuary
  6801 | Ossuary  | Received a gift from Trog
  7018 | D:8      | Noticed Joseph
  7034 | D:8      | Killed Joseph
  7535 | D:8      | Reached skill level 17 in Polearms
  7598 | D:9      | Found a blossoming altar of Fedhas.
  7649 | D:9      | Reached skill level 5 in Dodging
  7732 | D:9      | Found a shimmering altar of Xom.
  7733 | D:9      | Found a glowing golden altar of the Shining One.
  7739 | D:9      | Noticed Kloppie's ghost (journeyman MfBe)
  7739 | D:9      | Noticed Erolcha
  7747 | D:9      | HP: 4/124 [Erolcha/giant club (13)]
  7748 | D:9      | Annihilated by Kloppie's ghost

Skill      XL: |  1  2  3  4  5  6  7  8  9 10 |
---------------+-------------------------------+-----
Polearms       | 5 6 8 9 11 13 15 17 | 17.3
Fighting       | 4 5 6 7 9 |  9.6
Dodging        | 5 |  5.4
Armour         | |  1.3

Action                   |  1- 3 |  4- 6 |  7- 9 | 10-12 || total
-------------------------+-------+-------+-------+-------++-------
Melee: Spear             |   129 |   136 |       |       ||   265
       Tailslap          |       |     4 |       |       ||     4
       Trident           |       |     8 |   519 |   145 ||   672
       Halberd           |       |       |       |    94 ||    94
Invok: Berserk           |     1 |     3 |     8 |     1 ||    13
       Trog's Hand       |       |       |     2 |     1 ||     3
Evoke: Wand              |       |       |     3 |       ||     3
  Use: Scroll            |       |       |    13 |     6 ||    19
       Potion            |       |       |     1 |       ||     1
 Stab: Sleeping          |     1 |       |       |       ||     1
       Confused          |       |       |     2 |       ||     2
  Eat: Chunk             |     1 |     6 |    19 |     6 ||    32
       Beef jerky        |       |       |     1 |       ||     1
Armor: Ring mail         |    18 |    28 |   159 |    44 ||   249
       Animal skin       |     1 |       |       |       ||     1
Dodge: Dodged            |    36 |    62 |   236 |    51 ||   385
